 Dungeon Crawl Stone Soup version 0.19.5 (webtiles) character file.

25 Denreik the Skirmisher (level 3, -7/30 HPs)
             Began as a Formicid Chaos Knight on Mar 15, 2017.
             Killed from afar by Duvessa (27 damage)
             ... with an exploding inner flame
             ... hexed by the player character
             ... on level 4 of the Dungeon.
             The game lasted 00:03:03 (372 turns).

Denreik the Skirmisher (Formicid Chaos Knight)       Turns: 372, Time: 00:03:07

Health: -7/30      AC:  7    Str: 16    XL:     3   Next: 20%
Magic:  3/3        EV: 16    Int: 11    God:    Xom [..*...]
Gold:   10         SH:  0    Dex: 16    Spells: 0 memorised, 2 levels left

rFire  . . .     SeeInvis +     a - +0 spear (chaos)
rCold  . . .     Gourm    .     b - +2 leather armour
rNeg   . . .     Faith    .     (no shield)
rPois  .         Spirit   .     (helmet unavailable)
rElec  .         Reflect  .     i - +0 cloak
rCorr  .         Harm     .     (no gloves)
MR     .....                    n - +0 pair of boots
Stlth  ++........               (no amulet)
                                (no ring)
                                l - ring of flight

@: agile
A: permanent stasis, dig shafts and tunnels, four strong arms, antennae 3
a: Dig, Shaft Self, Renounce Religion, Evoke Flight


You were on level 4 of the Dungeon.
You worshipped Xom.
You were a toy of Xom.
You were not hungry.

You visited 1 branch of the dungeon, and saw 4 of its levels.

You collected 10 gold pieces.

Inventory:

Hand Weapons
 a - a +0 spear of chaos (weapon)
Missiles
 f - an exploding tomahawk (quivered)
Armour
 b - a +2 leather armour (worn)
 i - a +0 cloak (worn)
 n - a +0 pair of boots (worn)
Jewellery
 l - a ring of flight (left hand)
Scrolls
 d - a scroll of recharging
 e - a scroll of identify
 h - a scroll of teleportation {unknown}
 j - a scroll of remove curse {unknown}
 k - a scroll of random uselessness {unknown}
Potions
 m - a potion of curing {unknown}
 p - a potion of flight {unknown}
Comestibles
 c - a bread ration
 o - 4 chunks of flesh


   Skills:
 + Level 3.7 Fighting
 + Level 3.7 Polearms
 + Level 2.3 Armour
 + Level 0.8 Dodging


You had 2 spell levels left.
You didn't know any spells.

Dungeon Overview and Level Annotations

Branches:
Dungeon (3/15)

Altars:
Trog

Annotations:
D:4 Dowan


Innate Abilities, Weirdness & Mutations

You are under a permanent stasis effect.
You can dig through walls and to a lower floor.
Your four strong arms can wield two-handed weapons with a shield.
You have a pair of large antennae on your head. (SInv)


Message History

Duvessa is heavily wounded. x2
Duvessa closely misses you.
You hit Duvessa. You burn Duvessa.
Duvessa is severely wounded.
Duvessa misses you.
You hit Duvessa. The light around you dims momentarily.
Duvessa is severely wounded.
You barely miss Duvessa.
Duvessa is severely wounded.
Duvessa hits you with a short sword.
You barely miss Duvessa.
Duvessa is severely wounded.
Duvessa hits you with a short sword!
You hit Duvessa.
Duvessa looks as sick as possible!
Duvessa is almost dead.
Duvessa explodes!
The fiery explosion engulfs you!
Ouch! That really hurt!
You die...
Xom thinks this is hilarious!

##.....## .#
##.......## ##.##
#.........####...#####
+.........'...........
#...>.....####...####
##.......## #..##
##.....## #....
##...## #.###.# ##@##
#.# # #.# #.. #e# ###
#.# ... ... .....
##... ##.#.


You could see Dowan (inner flame).

Vanquished Creatures
  An adder (D:2)
  A leopard gecko (D:2)
  An orc (D:2)
  2 bats (D:1)
  A goblin (D:1)
  3 hobgoblins
  A quokka (D:2)
  2 kobolds
  2 rats
14 creatures vanquished.

Notes
Turn   | Place    | Note
-------+----------+-------------------------------------------
     0 | D:1      | Denreik the Formicid Chaos Knight began the quest for the Orb.
     0 | D:1      | Reached XP level 1. HP: 18/18 MP: 1/1
   174 | D:1      | Reached XP level 2. HP: 24/24 MP: 2/2
   228 | D:1      | You fall through a shaft!
   256 | D:2      | Found a bloodstained altar of Trog.
   263 | D:2      | Reached XP level 3. HP: 26/30 MP: 3/3
   331 | D:3      | You fall through a shaft!
   355 | D:4      | Noticed Duvessa
   356 | D:4      | Noticed Dowan
   356 | D:4      | XOM: potion effect (agility)
   372 | D:4      | Killed Duvessa
   372 | D:4      | Killed from afar by Duvessa

Action                   || total
-------------------------++-------
Melee: Spear             ||    63
Throw: Tomahawk          ||     1
 Abil: Shaft Self        ||     1
  Use: Scroll            ||     2
Armor: Leather armour    ||    18
Dodge: Dodged            ||    34
